 Dungeon Crawl Stone Soup version 0.30-a0-777-ga9a30cbeda (webtiles) character file.

Game seed: 15231555496359568119

1796 sanka the Grappler (level 8, -2/80 HPs)
             Began as a Troll Fighter on Feb 15, 2023.
             Slain by a killer bee (8 damage)
             ... on level 7 of the Dungeon.
             The game lasted 00:06:05 (4629 turns).

sanka the Grappler (Troll Fighter)                  Turns: 4629, Time: 00:06:05

Health: -2/80      AC:  5    Str: 25    XL:     8   Next: 83%
Magic:  7/7        EV: 13    Int:  4    God:
Gold:   231        SH:  8    Dex: 11    Spells: 7/7 levels left

rFire   . . .      SeeInvis .      - Unarmed
rCold   . . .      Faith    +    b - +0 kite shield
rNeg    . . .      Spirit   .    a - +0 robe
rPois   .          Reflect  .    (helmet restricted)
rElec   .          Harm     .    r - +0 cloak
rCorr   .          Rampage  .    (gloves unavailable)
Will    .....                    (boots unavailable)
Stlth   +                        s - amulet of faith
HPRegen 1.13/turn                (no ring)
MPRegen 0.10/turn                q - +5 ring of evasion

@: no status effects
A: large, unfitting armour, claws 3, regeneration 1, shaggy fur 1, tough skin 1
a: no special abilities


You were on level 7 of the Dungeon.
You visited 2 branches of the dungeon, and saw 8 of its levels.

You collected 231 gold pieces.


Innate Abilities, Weirdness & Mutations

You are too large for most types of armour.
You have claws for hands.
Your natural rate of healing is unusually fast.
You are covered in fur. (AC +1)
You have tough skin. (AC +1)


   Skills:
 - Level 5.0 Fighting
 - Level 2.4 Dodging
 - Level 2.6 Shields
 + Level 10.4 Unarmed Combat


You had 7 spell levels left.
You didn't know any spells.
Your spell library contained the following spells:

 Spells                   Type           Power      Damage    Failure   Level
 Ensorcelled Hibernation  Hex/Ice        0%         N/A       91%         2
 Spider Form              Tmut/Pois      0%         N/A       99%         3
 Anguish                  Hex/Necr       0%         N/A       100%        4

Inventory:

Hand Weapons
 p - the +6 sling of Ypekei {antimagic, Will- Dex+5}

   Dex:       It affects your dexterity (+5).
   Will:      It decreases your willpower.
 w - a +0 spectral quarterstaff
Missiles
 A - 5 javelins (quivered)
Armour
 a - a +0 robe (worn)
 b - a +0 kite shield (worn)
 r - a +0 cloak (worn)
Jewellery
 j - a ring of ice
 q - a +5 ring of evasion (right claw)
 s - an amulet of faith (around neck)
 u - a ring of fire
Wands
 v - a wand of flame (54)
Scrolls
 d - 2 scrolls of blinking {unknown}
 e - 5 scrolls of identify {unknown}
 g - 4 scrolls of poison {unknown}
 i - 4 scrolls of teleportation {unknown}
 n - 3 scrolls of immolation {unknown}
 t - a scroll of fear {unknown}
 x - a scroll of silence {unknown}
 y - a scroll of enchant armour {unknown}
Potions
 c - 4 potions of might
 f - a potion of lignification {unknown}
 h - 3 potions of curing {@q1}
 k - 2 potions of degeneration {unknown}
 l - 4 potions of haste {unknown}
 m - a potion of flight {unknown}
 o - a potion of ambrosia {unknown}
 z - a potion of heal wounds {unknown}

Dungeon Overview and Level Annotations

Branches:
Dungeon (7/15)             Temple (1/1) D:5

Altars:
Ashenzari
Cheibriados
Dithmenos
Fedhas
Gozag
Hepliaklqana
Kikubaaqudgha
Makhleb
Nemelex Xobeh
Ru
Sif Muna
Trog
Uskayaw
Vehumet
Xom
Yredelemnul
Zin
The Shining One

▒...<▒.▒ ▒....▒
▒..▒.▒
▒▒▒▒▒▒▒.▒▒▒▒▒▒▒
...............
▒▒▒▒▒▒▒▒▒▒▒▒.▒▒▒▒▒▒
..▒ ▒▒.....▒ ▒.▒
▒......▒ ▒T▒
▒......▒
▒y▒▒▒▒......▒
▒...........▒
▒.....[.▒▒▒▒▒▒▒
▒.......▒▒...(.
▒.▒▒▒▒▒y.....▒ ▒.▒
▒..▒.▒.▒ ▒.▒ ▒..▒
.. ▒.▒ ▒..▒ .▒


You could see a killer bee.


Message History

* * * LOW HITPOINT WARNING * * *
You are more poisoned.
The killer bee poisons you!
Unknown command.
You claw the killer bee!
The killer bee is severely wounded.
You feel very sick.
The killer bee stings you but does no damage.
The killer bee stings you!
* * * LOW HITPOINT WARNING * * *
You are lethally poisoned!
The killer bee poisons you!
You barely miss the killer bee.
The killer bee is severely wounded.
* * * LOW HITPOINT WARNING * * *
You feel very sick. You block the killer bee's attack.
The killer bee closely misses you.
Unknown command.
You barely miss the killer bee.
The killer bee is severely wounded.
* * * LOW HITPOINT WARNING * * *
You feel very sick. You block the killer bee's attack.
You block the killer bee's attack.
Unknown command.
The killer bee stings you.
* * * LOW HITPOINT WARNING * * *
The killer bee stings you!
You die...

Action                     |  1- 3 |  4- 6 |  7- 9 || total
---------------------------+-------+-------+-------++-------
  Melee: Unarmed           |   100 |    79 |   122 ||   301
    Use: Potion            |       |       |     2 ||     2
   Stab: Sleeping          |     1 |       |       ||     1
 Armour: Robe              |    19 |     7 |    28 ||    54
  Dodge: Dodged            |    26 |    18 |    67 ||   111
  Block: Kite shield       |    27 |    20 |    40 ||    87

Levels and vault maps discovered:
D:1:      spicycebolla_arrival_risky_transporter, layout_basic, minmay_cupped
D:2:      layout_loops_ring
D:3:      layout_basic, marbit_many_paths, zin_scriptorium,
          hellmonk_ecumenical_altar_pennies_from_heaven
D:4:      layout_gridville, vehumet_statue, minmay_goblin_kobold_house,
          uniq_crazy_yiuf_cottage, uniq_blork_the_orc
D:5:      layout_gridville, minmay_temple_entry_nine_rooms, uniq_sigmund
D:6:      layout_basic, old_standard_altar
D:7:      layout_basic, serial_shops, kennysheep_mini
Temple:   nicolae_temple_ecumenical_triangle

Notes
Turn   | Place    | Note
-------+----------+-------------------------------------------
     0 | D:1      | sanka the Troll Fighter began the quest for the Orb.
     0 | D:1      | Reached XP level 1. HP: 22/22 MP: 0/0
    37 | D:1      | Reached skill level 3 in Fighting
    37 | D:1      | Reached XP level 2. HP: 31/31 MP: 1/1
   235 | D:1      | HP: 2/31 [goblin/+1 dagger of electrocution (17)]
   535 | D:1      | Reached XP level 3. HP: 34/37 MP: 2/2
   846 | D:2      | Reached skill level 3 in Unarmed Combat
  1679 | D:3      | Found a faded altar of an unknown god.
  1764 | D:3      | Reached XP level 4. HP: 45/45 MP: 3/3
  1849 | D:3      | Reached skill level 4 in Unarmed Combat
  1939 | D:3      | Found a basalt altar of Yredelemnul.
  2086 | D:3      | Found a glowing silver altar of Zin.
  2222 | D:4      | Reached XP level 5. HP: 53/53 MP: 4/4
  2236 | D:4      | Found a radiant altar of Vehumet.
  2236 | D:4      | Identified the +6 sling of Ypekei {antimagic, Will- Dex+5}
  2238 | D:4      | Noticed a charred statue
  2251 | D:4      | Killed a charred statue
  2252 | D:4      | Reached skill level 5 in Unarmed Combat
  2449 | D:4      | Reached skill level 6 in Unarmed Combat
  2449 | D:4      | Reached XP level 6. HP: 61/61 MP: 5/5
  2480 | D:4      | Found a runed translucent door.
  2481 | D:4      | Noticed Crazy Yiuf
  2499 | D:4      | Noticed Blork the orc
  2507 | D:4      | Killed Blork the orc
  2662 | D:4      | Killed Crazy Yiuf
  2663 | D:4      | Reached skill level 7 in Unarmed Combat
  2770 | D:5      | Entered Level 5 of the Dungeon
  2822 | D:5      | Noticed Sigmund
  2828 | D:5      | Killed Sigmund
  2829 | D:5      | Reached XP level 7. HP: 67/67 MP: 6/6
  2884 | D:5      | Reached skill level 8 in Unarmed Combat
  3176 | D:5      | Found a staircase to the Ecumenical Temple.
  3183 | Temple   | Entered the Ecumenical Temple
  3495 | D:5      | Reached skill level 9 in Unarmed Combat
  3577 | D:5      | Reached XP level 8. HP: 69/75 MP: 7/7
  3888 | D:6      | Reached skill level 10 in Unarmed Combat
  3950 | D:6      | Reached skill level 4 in Fighting
  4122 | D:6      | Found a burning altar of Makhleb.
  4247 | D:6      | Reached skill level 5 in Fighting
  4626 | D:7      | HP: 8/80 [killer bee (7)]
  4628 | D:7      | HP: 1/80 [poisoned by a killer bee]
  4629 | D:7      | Slain by a killer bee

Vanquished Creatures
  Sigmund (D:5)
  A steam dragon (D:6)
  A water moccasin (D:5)
  A sky beast (D:6)
  2 ogres
  A centaur (D:5)
  Blork the orc (D:4)
  2 scorpions
  2 necrophages
  2 killer bees (D:7)
  2 jellies
  2 orc priests
  4 hounds
  Crazy Yiuf (D:4)
  3 iguanas (D:4)
  5 orc wizards
  A statue (D:4)
  3 adders
  2 shadow imps (D:6)
  An ufetubus (D:5)
  5 worms
  2 dart slugs
  10 orcs
  7 ball pythons
  8 endoplasms
  4 giant cockroaches
  9 goblins
  10 hobgoblins
  2 quokkas
  6 bats
  3 frilled lizards
  4 kobolds
  4 rats (D:1)
112 creatures vanquished.

Vanquished Creatures (others)
  An orc wizard (D:6)
1 creature vanquished.

Grand Total: 113 creatures vanquished
